 Dungeon Crawl Stone Soup version 0.29-a0-380-gf50f0a9fbc (webtiles) character file.

Game seed: 17104581343147693385

23 Antichthon the Skirmisher (level 3, -2/29 HPs)
             Began as a Formicid Abyssal Knight on May 5, 2022.
             Was a Believer of Lugonu.
             Slain by Terence
             ... wielding a +0 hand axe
              (6 damage)
             ... on level 2 of the Dungeon.
             The game lasted 00:01:38 (1523 turns).

Antichthon the Skirmisher (Formicid Abyssal Knight) Turns: 1523, Time: 00:01:39

Health: -2/29      AC:  6    Str: 17    XL:     3   Next: 12%
Magic:  4/4        EV:  9    Int:  9    God:    Lugonu [**....]
Gold:   49         SH:  0    Dex: 13    Spells: 2/2 levels left

rFire   + . .      SeeInvis +   a - +0 eveningstar
rCold   + . .      Faith    .   (no shield)
rNeg    . . .      Spirit   .   f - +0 scale mail
rPois   +          Reflect  .   (helmet unavailable)
rElec   +          Harm     .   (no cloak)
rCorr   +          Rampage  .   (no gloves)
Will    .....                   (no boots)
Stlth   ..........              (no amulet)
HPRegen 0.09/turn               (no ring)
MPRegen 0.09/turn               (no ring)

@: resistant
A: permanent stasis, dig shafts and tunnels, antennae 3, four strong arms
a: Dig, Shaft Self, Renounce Religion, Depart the Abyss, Bend Space


You were on level 2 of the Dungeon.
You worshipped Lugonu.
Lugonu was pleased with you.
You visited 1 branch of the dungeon, and saw 2 of its levels.
You visited the Abyss 1 time.

You collected 49 gold pieces.

Inventory:

Hand Weapons
 a - a +0 eveningstar (weapon)
Armour
 f - a +0 scale mail (worn)
Jewellery
 m - a +4 ring of protection
Scrolls
 b - a scroll of immolation {unknown}
 c - a scroll of summoning {unknown}
 d - a scroll of brand weapon {unknown}
 h - 2 scrolls of enchant armour {unknown}
 j - a scroll of magic mapping {unknown}
 k - 3 scrolls of identify {unknown}
 n - a scroll of blinking {unknown}
Potions
 g - a potion of heal wounds {unknown}
 i - a potion of invisibility {unknown}
 l - a potion of attraction {unknown}


   Skills:
 - Level 3.2 Fighting
 - Level 2.0 Axes
 * Level 2.5 Crossbows
 - Level 2.1 Armour
 - Level 0.8 Dodging
 - Level 2.1 Invocations


You had 2 spell levels left.
You didn't know any spells.
Your spell library was empty.

Dungeon Overview and Level Annotations

Branches:
Dungeon (2/15)

Altars:

Annotations:
D:2 Terence


Innate Abilities, Weirdness & Mutations

You cannot be hasted, slowed, berserked, paralysed or teleported.
You can dig through walls and to a lower floor.
You have a pair of large antennae on your head. (SInv)
Your four strong arms can wield two-handed weapons with a shield.


Message History

You see here a jackal corpse.
You see here a jackal corpse.
Things that are here:
a +0 short sword; 2 stones You see here a rat corpse.
n - a scroll labelled TUOGIS CYGIEH You now have 49 gold pieces (gained 11).
You sense a monster nearby.
Terence the Incautious comes into view.
He is wielding a +0 hand axe.
Terence shouts!
Found a sedimented black potion.
You closely miss Terence. Terence hits you with a +0 hand axe.
You closely miss Terence. Terence barely misses you.
You hit Terence but do no damage. Terence hits you with a +0 hand axe.
Terence says, "Did you write a will?
You should..."
Terence hits you with a +0 hand axe.
You barely miss Terence. Terence hits you with a +0 hand axe.
You hit Terence.
Terence is moderately wounded.
Terence hits you but does no damage. Terence hits you with a +0 hand axe.
You barely miss Terence.
Terence is moderately wounded.
Terence hits you but does no damage.
You hit Terence but do no damage.
Terence is moderately wounded.
Terence hits you with a +0 hand axe. Terence hits you with a +0 hand axe!
* * * LOW HITPOINT WARNING * * *
You closely miss Terence.
Terence is moderately wounded.
Terence hits you with a +0 hand axe.
* * * LOW HITPOINT WARNING * * *
You thump Terence!
Terence is severely wounded.
Terence hits you with a +0 hand axe.
* * * LOW HITPOINT WARNING * * *
Unknown command.
It was a potion of resistance.
You feel protected. Terence hits you with a +0 hand axe.
You die...

...##########
...@.........###########
....####@....>....†)....
.......@.....#######†...
!.######.#.#.......#.###
#.#...##.........
#........#....###
#.######....### #.#
##.#.# #.. #.#.# #.#
#.#.# #.# #...#


You could see Terence.

Vanquished Creatures
  3 ball pythons
  2 bats (D:1)
  A giant cockroach (D:1)
  2 goblins (D:1)
  A hobgoblin (D:1)
  3 jackals (D:2)
  3 kobolds
  2 quokkas
  3 rats
20 creatures vanquished.

Notes
Turn   | Place    | Note
-------+----------+-------------------------------------------
     0 | Abyss:1  | Antichthon the Formicid Abyssal Knight began the quest for
                  | the Orb.
     0 | Abyss:1  | Reached XP level 1. HP: 18/18 MP: 2/2
   112 | Abyss:1  | Noticed a rust devil
   113 | D:1      | Escaped the Abyss
   166 | D:1      | Reached ** piety under Lugonu
   370 | D:1      | Reached skill level 1 in Crossbows
   381 | D:1      | Found a faded altar of an unknown god.
   446 | D:1      | Reached XP level 2. HP: 23/24 MP: 3/3
  1379 | D:2      | Reached XP level 3. HP: 21/29 MP: 4/4
  1508 | D:2      | Noticed Terence
  1523 | D:2      | Slain by Terence

Illustrated notes

Levels and vault maps discovered:
D:1:      dpeg_arrival_leaves_temple_mockup, layout_basic,
          hellmonk_ecumenical_altar_run_dry, amcnicky_mini_corridor_feature
D:2:      layout_loops_ring, uniq_jessica, uniq_terence, uniq_sigmund

Skill      XL: |  1  2 |
---------------+-------+-----
Crossbows      | 1 2 |  2.5
Fighting       | |  3.2
Axes           | |  2.0
Armour         | |  2.1
Dodging        | |  0.8
Invocations    | |  2.1

Action                   || total
-------------------------++-------
Melee: Hand axe          ||    40
       Eveningstar       ||    35
       Punch             ||     1
Invok: Depart the Abyss  ||     1
  Use: Potion            ||     1
Armor: Leather armour    ||     5
       Scale mail        ||    25
Dodge: Dodged            ||    50

Table legend: (Time is in decaauts)
 A = Elapsed time spent in this place.
 B = Non-inter-level travel time spent in this place.
 C = Inter-level travel time spent in this place.
 D = Time resting spent in this place.
 E = Time spent auto-exploring this place.
 F = Levels seen in this place.
 G = Mean time per level.
                   A        B        C        D        E       F      G
               +--------+--------+--------+--------+--------+-----+--------+
         Total |   1545 |   1532 |     13 |      0 |   1257 |   3 |  515.0 |
       Dungeon |   1432 |   1419 |     13 |      0 |   1148 |   2 |  716.0 |
         Abyss |    113 |    113 |      0 |      0 |    109 |   1 |  113.0 |
               +--------+--------+--------+--------+--------+-----+--------+

Top non-repeatable levels by time:
     D:1: 1051 daAuts
     D:2: 380 daAuts
 Abyss:1: 113 daAuts
